 Dungeon Crawl Stone Soup version 0.19-a0-816-geccf914 (webtiles) character file.

231 Musica the Cudgeler (level 5, -4/54 HPs)
             Began as a Troll Monk on June 29, 2016.
             Slain by a worm (10 damage)
             ... on level 3 of the Dungeon.
             The game lasted 00:05:25 (1944 turns).

Musica the Cudgeler (Troll Monk)                    Turns: 1944, Time: 00:05:25

Health: -4/54      AC:  6    Str: 19    XL:     5   Next: 73%
Magic:  4/4        EV: 10    Int:  6    God:
Gold:   116        SH:  0    Dex: 13    Spells: 0 memorised, 4 levels left

rFire  . . .     SeeInvis .     a - +0 mace
rCold  . . .     Gourm    +     b - +1 robe
rNeg   . . .     Faith    .     (no shield)
rPois  .         Spirit   .     (helmet restricted)
rElec  .         Dismiss  .     (no cloak)
rCorr  .         Reflect  .     (gloves unavailable)
SustAt .         Harm     .     (boots unavailable)
MR     .....                    (no amulet)
Stlth  +.........               (no ring)
                                (no ring)

@: about to teleport, not resistant to hostile enchantments, very unstealthy
A: unfitting armour, claws 3, fast metabolism 3, gourmand, regeneration 2,
shaggy fur 1, tough skin 2
a: no special abilities


You were on level 3 of the Dungeon.
You were very full.

You visited 1 branch of the dungeon, and saw 3 of its levels.

You collected 116 gold pieces.

Inventory:

Hand Weapons
 a - a +0 mace (weapon)
Missiles
 o - 19 poisoned needles
Armour
 b - a +1 robe (worn)
 m - a +0 buckler
Jewellery
 d - an uncursed ring of sustain attributes
 f - an uncursed ring of positive energy
 l - an uncursed ring of poison resistance
Wands
 h - a wand of flame (29/48)
Scrolls
 j - 2 scrolls of enchant weapon {unknown}
 k - 2 scrolls of identify {unknown}
 t - a scroll of amnesia {unknown}
 u - a scroll of magic mapping {unknown}
Comestibles
 c - 3 bread rations
 i - a fruit
 p - a beef jerky


   Skills:
 + Level 4.2 Fighting
 + Level 4.5 Maces & Flails
 - Level 2.4 Dodging
 - Level 1.1 Stealth


You had 4 spell levels left.
You didn't know any spells.

Dungeon Overview and Level Annotations

Branches:
Dungeon (3/15)

Altars:
Makhleb


Innate Abilities, Weirdness & Mutations

You are too large for most types of armour.
You have claws for hands.
Your metabolism is lightning-fast.
You like to eat raw meat.
You heal very quickly.
You are covered in fur. (AC +1)
You have very tough skin. (AC +2)


Message History

The kobold closely misses you. The worm bites you.
* * * LOW HITPOINT WARNING * * *
Unknown command.
As you read the scroll labeled RIOGIGHUCI, it crumbles to dust.
It is a scroll of recharging.
Charge which item? (? for menu, Esc to quit)
Your wand of flame {zapped: 5} glows for a moment.
The kobold barely misses you. The goblin barely misses you.
The kobold hits you but does no damage.
As you read the scroll labeled FIOWNU JEOVO, it crumbles to dust.
You feel strangely unstable.
It was a scroll of teleportation.
The kobold hits you with an enchanted dagger.
* * * LOW HITPOINT WARNING * * *
The goblin closely misses you. The kobold completely misses you.
As you read the scroll labeled XIHABLADYPN, it crumbles to dust.
The creatures around you are filled with an inner flame!
It was a scroll of immolation.
The kobold barely misses you. The goblin hits you but does no damage.
The kobold hits you but does no damage. The worm bites you!
You die...

############
#......<...#
#..........#
#..........#
...........#
....w......#######...
#...........K@g......
...........#wwK......
#........########....
.........# ...
.......... .
.......... .......
....


You could see 2 worms, a goblin (inner flame) and 2 kobolds.

Vanquished Creatures
  Sigmund (D:2)
  Jessica (D:2)
  3 adders (D:2)
  A giant gecko (D:3)
  3 bats
  2 goblins
  A hobgoblin (D:2)
  8 jackals (D:2)
  A ball python (D:2)
  3 giant newts (D:2)
  7 kobolds
  A rat (D:1)
32 creatures vanquished.

Notes
Turn   | Place    | Note
--------------------------------------------------------------
     0 | D:1      | Musica the Troll Monk began the quest for the Orb.
     0 | D:1      | Reached XP level 1. HP: 22/22 MP: 0/0
   382 | D:2      | Reached XP level 2. HP: 29/29 MP: 1/1
   895 | D:2      | Noticed Sigmund
   919 | D:2      | HP: 1/29 [Sigmund/magic dart (6)]
   920 | D:2      | Killed Sigmund
   920 | D:2      | Reached XP level 3. HP: 2/39 MP: 2/2
   920 | D:2      | Reached XP level 4. HP: 2/48 MP: 3/3
   920 | D:2      | Reached XP level 5. HP: 3/54 MP: 4/4
  1447 | D:2      | Found a burning altar of Makhleb.
  1447 | D:2      | Noticed a blizzard demon
  1451 | D:2      | Noticed an orange demon
  1451 | D:2      | Noticed a hellwing
  1531 | D:2      | Noticed Jessica
  1533 | D:2      | Killed Jessica
  1944 | D:3      | Slain by a worm

Vault maps used:
D:1:      tarquinn_simple_flora_water_b
D:2:      mumra_celtic_spiral_tile, hex_tiny, makhleb_altar_promises_db,
          uniq_jessica, uniq_sigmund
D:3:      overflow_temple_1_default, uniq_grinder, uniq_robin

Skill      XL: |  1  2  3  4  5 |
---------------+----------------+-----
Maces & Flails | 3 4 |  4.5
Fighting       | 3 4 |  4.2
Dodging        | |  2.4
Stealth        | |  1.1

Action                   |  1- 3 |  4- 6 || total
-------------------------+-------+-------++-------
Melee: Mace              |    66 |    79 ||   145
  Use: Potion            |     1 |     2 ||     3
       Scroll            |       |     4 ||     4
 Stab: Invisible         |     2 |       ||     2
  Eat: Chunk             |    14 |     9 ||    23
Armor: Robe              |    21 |    43 ||    64
Dodge: Dodged            |    38 |    58 ||    96
